 Dungeon Crawl Stone Soup version 0.25-a0-353-ged6d54792d (webtiles) character file.

Game seed: 4154697020110555396, levelgen mode: deterministic

100 BritishOli the Slasher (level 4, -3/35 HPs)
             Began as a Demonspawn Monk on Jan 2, 2020.
             Slain by a scorpion (8 damage)
             ... on level 2 of the Dungeon.
             The game lasted 00:03:25 (2462 turns).

BritishOli the Slasher (Demonspawn Monk)            Turns: 2462, Time: 00:03:26

Health: -3/35      AC:  4    Str: 13    XL:     4   Next: 47%
Magic:  4/4        EV: 13    Int: 11    God:
Gold:   191        SH:  0    Dex: 15    Spells: 3/3 levels left

rFire    . . .     SeeInvis .   a - +0 falchion
rCold    . . .     Gourm    .   (no shield)
rNeg     . . .     Faith    .   b - +0 robe
rPois    .         Spirit   .   (no helmet)
rElec    .         Reflect  .   j - +1 cloak
rCorr    .         Harm     .   (no gloves)
MR       .....                  (no boots)
Stlth    +++.......             (no amulet)
HPRegen  0.11/turn              l - ring of stealth
MPRegen  0.09/turn              m - ring of flight

@: lethally poisoned (-3 -> -13)
A: demonic guardian 1
a: Evoke Flight


You were on level 2 of the Dungeon.
You were not hungry.

You visited 1 branch of the dungeon, and saw 3 of its levels.

You collected 191 gold pieces.

Inventory:

Hand Weapons
 a - a +0 falchion (weapon)
Armour
 b - a +0 robe (worn)
 j - a +1 cloak (worn)
Jewellery
 l - a ring of stealth (left hand)
 m - a ring of flight (right hand)
Scrolls
 e - 4 scrolls of identify
 g - 2 scrolls of random uselessness {unknown}
 h - a scroll of amnesia {unknown}
 i - a scroll of immolation {unknown}
 n - a scroll of teleportation {unknown}
 o - a scroll of fog {unknown}
Potions
 d - a potion of curing
 f - a potion of berserk rage {unknown}
 k - a potion of invisibility {unknown}
Comestibles
 c - 5 rations


   Skills:
 + Level 3.5 Fighting
 * Level 3.6 Long Blades
 + Level 1.2 Armour
 + Level 3.2 Dodging
 - Level 2.0 Stealth


You had 3 spell levels left.
You didn't know any spells.
Your spell library was empty.

Dungeon Overview and Level Annotations

Branches:
Dungeon (3/15)

Altars:

Annotations:
D:2 1 runed translucent door, Crazy Yiuf


Innate Abilities, Weirdness & Mutations

A weak demonic guardian rushes to your aid.


Message History

The scorpion closely misses you.
Your iron imp closely misses the scorpion.
There is a stone staircase leading up here.
The orc hits your iron imp but does no damage.
The orc hits you with a +0 flail! The scorpion stings you!
* * * LOW HITPOINT WARNING * * *
You are lethally poisoned!
The scorpion poisons you!
Your iron imp closely misses the orc.
You climb upwards.
Level annotation: 1 runed translucent door, Crazy Yiuf
* * * LOW HITPOINT WARNING * * *
You feel sick.
There is a stone staircase leading down here.
Okay, then.
As you read the scroll labeled VIVVAY UDOUS, it crumbles to dust.
It is a scroll of identify.
d - a potion of curing
* * * LOW HITPOINT WARNING * * *
You feel sick. The scorpion stings you!
You die...

##.###..# #.# ##.##
##.##### #.########## #.##
##....# #.#........# ##.##
##.###.###...######.#
##.###............## #.#
##.#.#####.##.....# #.#
##.## ##.###...#### #.####
#.# #..s#.......# #.....
#.# #..@.....##.# #..###
#.# #..o#.#.###.# #.....
#.#########.#+###.# ##....
#.#......##.......# #####
#.#.####.##.....### ####
#.#.## #.#.......## ##.##
#....###....(.....####...#
#.................'.......
##...###..........####...#


You could see a scorpion and an orc.

Vanquished Creatures
  A gnoll (D:1)
  5 adders
  A worm (D:2)
  2 leopard geckos (D:2)
  2 giant cockroaches (D:2)
  5 goblins
  3 hobgoblins (D:1)
  4 jackals (D:1)
  A ball python (D:2)
  9 bats
  4 frilled lizards
  4 kobolds
  5 rats
46 creatures vanquished.

Notes
Turn   | Place    | Note
-------+----------+-------------------------------------------
     0 | D:1      | BritishOli the Demonspawn Monk began the quest for the Orb.
     0 | D:1      | Reached XP level 1. HP: 18/18 MP: 1/1
   166 | D:1      | Gained mutation: A weak demonic guardian rushes to your
                  | aid. [demonic ancestry]
   166 | D:1      | Reached XP level 2. HP: 21/24 MP: 2/2
   631 | D:1      | Reached XP level 3. HP: 28/29 MP: 3/3
  1190 | D:2      | Found a runed translucent door.
  1414 | D:2      | Reached skill level 1 in Armour
  1524 | D:2      | Noticed Crazy Yiuf
  1598 | D:2      | Reached XP level 4. HP: 32/35 MP: 4/4
  2462 | D:2      | Slain by a scorpion

Levels and vault maps discovered:
D:1:      wander_arrival_fairy_ring, layout_basic
D:2:      layout_loops_corners, first_ration, uniq_crazy_yiuf_cottage
D:3:      layout_rooms

Skill      XL: |  1  2  3 |
---------------+----------+-----
Stealth        | 2 |  2.0
Long Blades    | 3 |  3.6
Dodging        | 3 |  3.2
Armour         | 1 |  1.2
Fighting       | |  3.5

Action                   |  1- 3 |  4- 6 || total
-------------------------+-------+-------++-------
Melee: Falchion          |    93 |    39 ||   132
  Use: Scroll            |       |     1 ||     1
 Stab: Sleeping          |     7 |     3 ||    10
       Distracted        |     1 |       ||     1
  Eat: Chunk             |     2 |       ||     2
       Ration            |       |     1 ||     1
Armor: Robe              |    15 |    10 ||    25
Dodge: Dodged            |    81 |    25 ||   106
       Rpst.: Falchion   |    34 |     6 ||    40

Table legend:
 A = Non-vault XP
 B = Vault XP
 C = Vault XP percentage of total XP
 D = Non-vault monster count
 E = Vault monster count
 F = Vault count percentage of total count
                 A         B        C        D         E       F
            +---------+---------+-------+---------+---------+-------
      Total |     144 |       0 |   0.0 |      46 |       0 |   0.0
            +---------+---------+-------+---------+---------+-------
        D:1 |      41 |       0 |   0.0 |      18 |       0 |   0.0
        D:2 |      88 |       0 |   0.0 |      26 |       0 |   0.0
        D:3 |      15 |       0 |   0.0 |       2 |       0 |   0.0
            +---------+---------+-------+---------+---------+-------
